 Dungeon Crawl Stone Soup version 0.24.0-3-g28a8eb0610 (webtiles) character file.

Game seed: 5899491265331141477, levelgen mode: deterministic

261 Mrkan the Chopper (level 6, -3/82 HPs)
             Began as a Hill Orc Fighter on Nov 1, 2019.
             Was an Initiate of Okawaru.
             Slain by a worker ant (6 damage)
             ... on level 3 of the Dungeon.
             The game lasted 00:04:36 (2368 turns).

Mrkan the Chopper (Hill Orc Fighter)                Turns: 2368, Time: 00:04:36

Health: -3/82      AC: 13    Str: 24    XL:     6   Next: 18%
Magic:  6/6        EV: 11    Int:  8    God:    Okawaru [......]
Gold:   161        SH: 10    Dex: 17    Spells: 5/5 levels left

rFire    . . .     SeeInvis .   a - +0 war axe
rCold    . . .     Gourm    .   c - +0 shield
rNeg     . . .     Faith    .   s - +0 chain mail
rPois    .         Spirit   .   m - +0 helmet
rElec    .         Reflect  .   j - +0 cloak
rCorr    .         Harm     .   w - +0 pair of gloves
MR       .....                  (no boots)
Stlth    ..........             (no amulet)
HPRegen  0.23/turn              (no ring)
MPRegen  0.10/turn              (no ring)

@: agile, berserking, lethally poisoned (-3 -> -5), very quick
A: no striking features
a: Renounce Religion


You were on level 3 of the Dungeon.
You worshipped Okawaru.
Okawaru was noncommittal.
You were not hungry.

You visited 1 branch of the dungeon, and saw 4 of its levels.

You collected 161 gold pieces.

Inventory:

Hand Weapons
 a - a +0 war axe (weapon)
Missiles
 i - 3 silver boomerangs (quivered)
 q - a throwing net
Armour
 c - a +0 shield (worn)
 j - a +0 cloak (worn)
 m - a +0 helmet (worn)
 s - a +0 chain mail (worn)
 w - a +0 pair of gloves (worn)
Scrolls
 g - a scroll of noise {unknown}
 h - 2 scrolls of identify {unknown}
 k - a scroll of enchant armour {unknown}
 n - a scroll of fear {unknown}
 o - a scroll of blinking {unknown}
 t - 2 scrolls of magic mapping {unknown}
 u - a scroll of teleportation {unknown}
Potions
 d - a potion of might
 l - a potion of haste {unknown}
 p - a potion of mutation {unknown}
 r - a potion of brilliance {unknown}
 v - a potion of curing {unknown}
Comestibles
 f - 7 rations


   Skills:
 + Level 4.8 Fighting
 * Level 5.6 Axes
 + Level 4.4 Armour
 + Level 4.4 Shields


You had 5 spell levels left.
You didn't know any spells.
Your spell library was empty.

Dungeon Overview and Level Annotations

Branches:
Dungeon (4/15)
 Temple: D:4-7

Altars:
Elyvilon
Nemelex Xobeh
Okawaru
Ru
Sif Muna
Trog
Uskayaw
Vehumet
The Shining One


Message History

* * * LOW HITPOINT WARNING * * *
You are lethally poisoned!
The worker ant poisons you!
* * * LOW HITPOINT WARNING * * *
You feel sick.
Items here: )) [ † a +0 leather armour; a +0 hand axe; a cursed -3 mace; an orc corpse Your chain mail prevents you from hitting the worker ant.
The worker ant is almost dead.
* * * LOW HITPOINT WARNING * * *
You feel sick. You block the worker ant's attack.
It was a potion of agility.
You feel agile all of a sudden.
* * * LOW HITPOINT WARNING * * *
You feel sick.
The worker ant bites you but does no damage.
It was a potion of berserk rage.
A red film seems to cover your vision as you go berserk!
You feel yourself moving faster!
You feel mighty! The worker ant bites you.
You die...

..########.########.....[.#######
..#..............##..............
.##..............##..............
.##..............##..............
##..........>....'.............<)
#.#.#...........###............)
#.._......#'#..O# #...........).
###.##....#.###a# #.............
##.##........#@# #.............
#.......#....[.###.........)...
#..............................
#..............###.............
#.........##+#.# #.............
#.........##.#.# #.............
#.........##'#+###.............
#######.........##.............
#.[.......##.............


You could see an ogre and a worker ant.

Vanquished Creatures
  2 orc priests (D:3)
  Robin (D:2)
  7 gnolls (D:3)
  2 adders (D:2)
  An ooze (D:1)
  3 worms
  3 dart slugs
  5 orcs
  4 ball pythons
  4 bats
  2 giant cockroaches
  11 goblins
  12 hobgoblins
  7 jackals
  A quokka (D:2)
  9 frilled lizards
  6 kobolds
  12 rats
92 creatures vanquished.

Notes
Turn   | Place    | Note
-------+----------+-------------------------------------------
     0 | D:1      | Mrkan the Hill Orc Fighter began the quest for the Orb.
     0 | D:1      | Reached XP level 1. HP: 19/19 MP: 1/1
    18 | D:1      | Reached skill level 3 in Axes
   134 | D:1      | Reached XP level 2. HP: 27/27 MP: 2/2
   475 | D:1      | Reached XP level 3. HP: 32/33 MP: 3/3
   703 | D:2      | Found a radiant altar of Vehumet.
   766 | D:2      | Noticed Robin
   773 | D:2      | Killed Robin
   777 | D:2      | Reached skill level 4 in Axes
   842 | D:2      | Found a shimmering blue altar of Sif Muna.
   916 | D:2      | Reached XP level 4. HP: 39/40 MP: 4/4
   960 | D:2      | Found an iron altar of Okawaru.
   980 | D:2      | Found a bloodstained altar of Trog.
   985 | D:2      | Became a worshipper of Warmaster Okawaru
  1203 | D:2      | Found a sparkling altar of Nemelex Xobeh.
  1252 | D:2      | Found a hide-covered altar of Uskayaw.
  1253 | D:2      | Found a glowing golden altar of the Shining One.
  1549 | D:3      | Reached XP level 5. HP: 27/47 MP: 5/5
  1554 | D:3      | Reached skill level 5 in Axes
  1824 | D:3      | Found a white marble altar of Elyvilon.
  1955 | D:3      | Reached XP level 6. HP: 30/53 MP: 6/6
  2237 | D:3      | Found a sacrificial altar of Ru.
  2366 | D:3      | HP: 2/55 [poisoned by a worker ant]
  2368 | D:3      | Slain by a worker ant

Levels and vault maps discovered:
D:1:      onia_arrival_handbag, layout_basic, feat_on_display
D:2:      layout_loops_ring, chequers_temple_overflow_statue_of_worship,
          nicolae_overflow_crystal_walls, old_standard_altar,
          nicolae_overflow_hidden_temple, nemelex_xobeh_ov_fountains_minmay,
          first_ration, minmay_circled_x, uniq_robin
D:3:      layout_basic, lemuel_crystal_altar, elyvilon_altar_3
D:4:      layout_rooms, chequers_hall_statues_y, yredelemnul_altar_generic

Skill      XL: |  1  2  3  4  5 |
---------------+----------------+-----
Axes           | 3 4 5 |  5.6
Fighting       | 4 |  4.8
Armour         | 4 |  4.4
Shields        | 4 |  4.4

Action                   |  1- 3 |  4- 6 || total
-------------------------+-------+-------++-------
Melee: War axe           |    94 |   150 ||   244
  Use: Potion            |       |     2 ||     2
  Eat: Chunk             |       |     5 ||     5
Armor: Scale mail        |    40 |    33 ||    73
       Chain mail        |       |    46 ||    46
Dodge: Dodged            |    26 |    55 ||    81
Block: Shield            |    48 |    95 ||   143
